 Dungeon Crawl Stone Soup version 0.30.1-4-g462c640d31 (webtiles) character file.

Game seed: 16814437955485319146

537 Almogavar the Grasshopper (level 7, -2/81 (84) HPs)
             Began as a Gnoll Wanderer on Sept 7, 2023.
             Slain by a wight
             ... wielding a +3 great sword of freezing
              (7 damage)
             ... on level 4 of the Dungeon.
             The game lasted 00:15:55 (3303 turns).

Almogavar the Grasshopper (Gnoll Wanderer)          Turns: 3303, Time: 00:15:56

HP:   -2/81 (84)    AC:  2    Str: 10    XL:     7   Next: 25%
MP:   21/21         EV: 12    Int: 13    God:
Gold: 218           SH:  0    Dex: 13    Spells: 12/13 levels left

rFire   . . .        i - staff of poison
rCold   . . .        (no shield)
rNeg    + . .        c - +0 robe
rPois   +            (no helmet)
rElec   .            (no cloak)
rCorr   .            (no gloves)
SInv    .            (no boots)
Will    .....        y - amulet of regeneration Stlth
                     A - ring of magical power
HPRegen 1.13/turn    C - ring of positive energy
MPRegen 0.17/turn

%: no passive effects
@: berserking, lightly drained, very quick
A: fangs 1, strong nose, distributed training
a: no special abilities


You were on level 4 of the Dungeon.
You visited 1 branch of the dungeon, and saw 4 of its levels.

You collected 218 gold pieces.

Inventory:

Hand Weapons
 a - a +1 quarterstaff
 v - a +0 heavy sling
 E - a +1 dagger of venom
Armour
 c - a +0 robe (worn)
 m - a +0 ring mail
 s - a +0 scale mail
Magical Staves
 i - a staff of poison (weapon)
Jewellery
 y - an amulet of regeneration (around neck)
 A - a ring of magical power (left hand)
 C - a ring of positive energy (right hand)
Wands
 p - a wand of mindburst (12)
Scrolls
 d - a scroll of fog {unknown}
 j - a scroll of blinking {unknown}
 l - 2 scrolls of teleportation
 n - 2 scrolls of brand weapon
 o - a scroll of silence {unknown}
 q - a scroll of poison
 B - a scroll of amnesia {unknown}
 D - 2 scrolls of identify {unknown}
Potions
 b - 4 potions of haste
 e - a potion of flight {unknown}
 f - 2 potions of curing {unknown}
 h - a potion of might {unknown}
 k - a potion of lignification {unknown}
 r - a potion of brilliance {unknown}
 u - a potion of degeneration {unknown}
 w - 2 potions of mutation {unknown}
 x - a potion of heal wounds {unknown}
 z - a potion of attraction {unknown}


   Skills:
 + Level 5.2 Fighting
 + Level 2.4 Short Blades
 + Level 2.4 Long Blades
 + Level 2.4 Axes
 + Level 2.4 Maces & Flails
 + Level 2.4 Polearms
 + Level 7.0 Staves
 + Level 2.4 Ranged Weapons
 + Level 2.4 Throwing
 + Level 2.4 Armour
 + Level 2.4 Dodging
 + Level 2.4 Stealth
 + Level 2.4 Shields
 + Level 2.4 Unarmed Combat
 + Level 3.8 Spellcasting
 + Level 2.0 Conjurations
 + Level 2.0 Hexes
 + Level 2.0 Summonings
 + Level 2.0 Necromancy
 + Level 7.4 Translocations
 + Level 2.0 Transmutations
 + Level 2.0 Fire Magic
 + Level 2.0 Ice Magic
 + Level 2.0 Air Magic
 + Level 2.0 Earth Magic
 + Level 2.0 Poison Magic
 + Level 2.7 Invocations
 + Level 2.4 Evocations


You had 12 spell levels left.
You knew the following spells:

 Your Spells              Type           Power      Damage    Failure   Level
a - Apportation           Tloc           42%        N/A       1%          1

Your spell library contained the following spells:

 Spells                   Type           Power      Damage    Failure   Level
 Momentum Strike          Conj/Tloc      28%        3d8       4%          2
 Portal Projectile        Hex/Tloc       28%        N/A       9%          3
 Vhi's Electric Charge    Tloc/Air       28%        N/A       9%          3
 Freeze                   Ice            28%        1d5       10%         1
 Call Canine Familiar     Summ           7%         N/A       28%         3
 Frozen Ramparts          Ice            14%        1d3       28%         3
 Hailstorm                Conj/Ice       7%         3d4       28%         3
 Leda's Liquefaction      Hex/Erth       3%         N/A       67%         4


Dungeon Overview and Level Annotations

Branches:
Dungeon (4/15)
 Temple: D:4-7

Altars:
Makhleb

Shops:
D:4 *


Innate Abilities, Weirdness & Mutations

You have very sharp teeth.
Your uncanny sense of smell can sniff out nearby items.
Your experience applies equally to all skills.


Message History

The goblin hits you but does no damage.
You completely miss the goblin.
The goblin is heavily wounded.
The goblin hits you with a +0 club.
You hit the goblin.
You kill the goblin!
No target in view!
No target in view!
A wight is nearby!
There is an open door, spattered with blood here.
Items here: )) ÷÷.
There is an open door here.
v - a +0 heavy sling (weapon)
You shoot a sling bullet. The sling bullet hits the wight.
The wight is lightly damaged.
You shoot a sling bullet.
The sling bullet hits the wight but does no damage.
The wight is lightly damaged.
The wight barely misses you.
i - a staff of poison (weapon)
The wight hits you with a +3 great sword of freezing!
The wight freezes you.
You closely miss the wight.
The wight is lightly damaged.
The wight hits you with a +3 great sword of freezing!
The wight freezes you.
You hit the wight.
The wight is lightly damaged.
The wight hits you with a +3 great sword of freezing!
* * * LOW HITPOINT WARNING * * *
You partially resist.
You feel drained. The wight freezes you.
* * * LOW HITPOINT WARNING * * *
You are too injured to fight recklessly!
Okay, then.
A red film seems to cover your vision as you go berserk!
You feel yourself moving faster!
You feel mighty!
The wight hits you with a +3 great sword of freezing!
* * * LOW HITPOINT WARNING * * *
The wight freezes you!
You die...

##.# ###.####.############.#
##.# #.#..######.....#...#
##.######.#.##...÷).#.#.######
.............#.##.#.)...#....#
#########.#.##.##.#.#.#.#.##.#
# #....#....#...÷.#.##.# #
###.###'#######'####.# #
#.#.#...#......# #.# #
#.#.#.@.#.#..#.# #.# #
##.#.#.z.#.....)# #.#
##########...####'#......#
#.####
.............#}+..#.#..#.#
#.....
#####.####...###..#......#
#####. #.## ##..#.#########)#
#. #####..#####.).#.....# #.#
#. .)..)...........#...## #.#
#. .).############....## #.#
#.


You could see a wight.

Vanquished Creatures
  A phantom (D:4)
  2 scorpions (D:4)
  A jelly (D:4)
  2 hounds
  3 orc wizards (D:4)
  4 gnolls (D:4)
  5 adders
  2 worms
  4 dart slugs
  7 orcs
  9 endoplasms
  3 giant cockroaches
  7 goblins
  5 hobgoblins
  2 jackals (D:1)
  A quokka (D:1)
  6 ball pythons
  6 bats
  2 frilled lizards
  10 kobolds
  4 rats
86 creatures vanquished.

Notes
Turn   | Place    | Note
-------+----------+-------------------------------------------
     0 | D:1      | Almogavar the Gnoll Wanderer began the quest for the Orb.
     0 | D:1      | Almogavar set off with the following items: a +1
                  | quarterstaff, a potion of haste, a +0 robe; and the
                  | following spell memorised: Apportation; and the following
                  | spells available to memorise: Momentum Strike, Vhi's
                  | Electric Charge.
     0 | D:1      | Reached XP level 1. HP: 20/20 MP: 4/4
   119 | D:1      | Reached XP level 2. HP: 26/26 MP: 5/5
   388 | D:1      | Reached XP level 3. HP: 30/31 MP: 7/7
   604 | D:2      | Reached skill level 1 in Invocations
   724 | D:2      | Reached skill level 1 in Short Blades
   724 | D:2      | Reached skill level 1 in Long Blades
   724 | D:2      | Reached skill level 1 in Axes
   724 | D:2      | Reached skill level 1 in Maces & Flails
   724 | D:2      | Reached skill level 1 in Polearms
   724 | D:2      | Reached skill level 1 in Ranged Weapons
   724 | D:2      | Reached skill level 1 in Throwing
   724 | D:2      | Reached skill level 1 in Armour
   724 | D:2      | Reached skill level 1 in Dodging
   724 | D:2      | Reached skill level 1 in Stealth
   724 | D:2      | Reached skill level 1 in Shields
   724 | D:2      | Reached skill level 1 in Unarmed Combat
   724 | D:2      | Reached skill level 1 in Evocations
   963 | D:2      | Reached XP level 4. HP: 33/38 MP: 8/8
  1421 | D:3      | Reached skill level 1 in Conjurations
  1421 | D:3      | Reached skill level 1 in Hexes
  1421 | D:3      | Reached skill level 1 in Summonings
  1421 | D:3      | Reached skill level 1 in Necromancy
  1421 | D:3      | Reached skill level 1 in Transmutations
  1421 | D:3      | Reached skill level 1 in Fire Magic
  1421 | D:3      | Reached skill level 1 in Ice Magic
  1421 | D:3      | Reached skill level 1 in Air Magic
  1421 | D:3      | Reached skill level 1 in Earth Magic
  1421 | D:3      | Reached skill level 1 in Poison Magic
  1721 | D:3      | Reached XP level 5. HP: 34/43 MP: 9/9
  2215 | D:4      | Reached XP level 6. HP: 36/50 MP: 11/11
  2294 | D:4      | Reached skill level 5 in Fighting
  2297 | D:4      | Found a burning altar of Makhleb.
  2487 | D:4      | Found Geer's General Store.
  2706 | D:4      | Reached XP level 7. HP: 34/56 MP: 12/12
  3303 | D:4      | Slain by a wight

Illustrated notes

Levels and vault maps discovered:
D:1:      grunt_arrival_crossed_arrows, layout_rooms
D:2:      layout_rooms, guppyfry_early_lair_pool
D:3:      layout_loops_cross, minmay_misc_feat_four_crosses, st_stairs_6
D:4:      minmay_clustersquares, layout_loops_ring,
          mainiacjoe_overflow_cross_hatched, serial_shops,
          nicolae_shop_tiny_statue_garden, minmay_large_rounded_square

Skill      XL: |  1  2  3  4  5  6  7 |
---------------+----------------------+-----
Invocations    | 1 2 |  2.7
Short Blades   | 1 2 |  2.4
Long Blades    | 1 2 |  2.4
Axes           | 1 2 |  2.4
Maces & Flails | 1 2 |  2.4
Polearms       | 1 2 |  2.4
Ranged Weapons | 1 2 |  2.4
Throwing       | 1 2 |  2.4
Armour         | 1 2 |  2.4
Dodging        | 1 2 |  2.4
Stealth        | 1 2 |  2.4
Shields        | 1 2 |  2.4
Unarmed Combat | 1 2 |  2.4
Evocations     | 1 2 |  2.4
Spellcasting   | 3 |  3.8
Conjurations   | 1 2 |  2.0
Hexes          | 1 2 |  2.0
Summonings     | 1 2 |  2.0
Necromancy     | 1 2 |  2.0
Transmutations | 1 2 |  2.0
Fire Magic     | 1 2 |  2.0
Ice Magic      | 1 2 |  2.0
Air Magic      | 1 2 |  2.0
Earth Magic    | 1 2 |  2.0
Poison Magic   | 1 2 |  2.0
Fighting       | 5 |  5.2
Staves         | 7 |  7.0
Translocations | |  7.4

Action                     |  1- 3 |  4- 6 |  7- 9 || total
---------------------------+-------+-------+-------++-------
  Melee: Quarterstaff      |    85 |    38 |       ||   123
         Bite              |    12 |    12 |     7 ||    31
         Dagger            |     1 |       |     1 ||     2
         Staff             |    27 |    69 |    42 ||   138
         Punch             |     1 |     1 |     3 ||     5
   Fire: Sling             |       |    63 |    13 ||    76
    Use: Scroll            |       |     6 |     1 ||     7
         Potion            |       |     1 |     1 ||     2
   Stab: Sleeping          |       |       |     1 ||     1
 Armour: Robe              |    22 |    23 |     4 ||    49
  Dodge: Dodged            |    57 |    86 |    17 ||   160
